 Dungeon Crawl Stone Soup version 0.22-a0-565-gfc6459a (webtiles) character file.

5628 Hebeh the Cleaver (level 10, -5/90 HPs)
             Began as a Minotaur Fighter on June 28, 2018.
             Was a Believer of Trog.
             Killed from afar by an electric eel (10 damage)
             ... with a bolt of electricity
             ... on level 9 of the Dungeon.
             The game lasted 00:34:28 (9752 turns).

Hebeh the Cleaver (Minotaur Fighter)                Turns: 9752, Time: 00:34:31

Health: -5/90      AC: 17    Str: 25    XL:     10   Next: 46%
Magic:  12/12      EV:  6    Int:  5    God:    Trog [**....]
Gold:   569        SH: 13    Dex: 11    Spells: 9/9 levels left

rFire    . . .     SeeInvis .   q - +2 war axe (freeze)
rCold    . . .     Gourm    .   c - +1 shield
rNeg     + . .     Faith    .   A - +0 plate armour {rPois}
rPois    +         Spirit   .   r - +0 hat
rElec    .         Reflect  .   z - +1 cloak {+Inv}
rCorr    .         Harm     .   o - +0 pair of gloves
MR       .....                  (no boots)
Stlth    ..........             (no amulet)
HPRegen  0.25/turn              y - ring "Murhiufi" {+Fly rN+}
MPRegen  0.13/turn              i - +2 ring of dexterity

@: no status effects
A: retaliatory headbutt, horns 2
a: Berserk, Trog's Hand, Renounce Religion, Evoke Invisibility, Evoke Flight


You were on level 9 of the Dungeon.
You worshipped Trog.
Trog was pleased with you.
You were not hungry.

You visited 1 branch of the dungeon, and saw 9 of its levels.

You collected 569 gold pieces.

Inventory:

Hand Weapons
 q - a +2 war axe of freezing (weapon)
Armour
 c - a +1 shield (worn)
 o - a +0 pair of gloves (worn)
 r - a +0 hat (worn)
 z - a +1 cloak of invisibility (worn)
 A - a +0 plate armour of poison resistance (worn)
Jewellery
 i - a +2 ring of dexterity (right hand)
 t - an uncursed ring of protection from fire
 y - the ring "Murhiufi" (left hand) {+Fly rN+}
   (You found it on level 8 of the Dungeon)

   [ring of positive energy]

   It protects you from negative energy.
   It lets you fly.
Wands
 u - a wand of iceblast (21)
Scrolls
 a - a scroll of teleportation
 j - 6 scrolls of identify
 k - 5 scrolls of remove curse
 m - 3 scrolls of immolation
 n - a scroll of blinking
 w - a scroll of fog
Potions
 d - 3 potions of might
 e - 2 potions of mutation {unknown}
 g - a potion of magic {unknown}
 h - 2 potions of brilliance {unknown}
 p - a potion of heal wounds {unknown}
 s - a potion of haste {unknown}
 v - 2 potions of curing {unknown}
 x - 3 potions of degeneration {unknown}
Miscellaneous
 B - a lamp of fire
Comestibles
 f - 8 rations


   Skills:
 + Level 8.6 Fighting
 * Level 11.3 Axes
 + Level 8.8 Armour
 + Level 8.7 Shields
 + Level 4.7 Evocations


You had 9 spell levels left.
You didn't know any spells.
Your spell library contained the following spells:

 Spells                   Type           Power        Failure   Level  Hunger
 Confuse                  Hex            #.......     100%        3    ####...
 Confusing Touch          Hex            #.....       100%        1    ##.....
 Metabolic Englaciation   Hex/Ice        #.........   100%        5    ######.
 Petrify                  Tmut/Erth      #.......     100%        4    #####..
 Gell's Gravitas          Tloc           #.........   100%        3    ####...
 Yara's Violent Unravell  Hex/Tmut       #.........   100%        5    ######.


Dungeon Overview and Level Annotations

Branches:
Dungeon (9/15)             Temple (0/1) D:6
   Lair: D:8-11         Orc: D:9-12

Altars:
Dithmenos
Elyvilon
Gozag
Kikubaaqudgha
Makhleb
Trog
Uskayaw
Wu Jian
Xom
Yredelemnul
Zin
The Shining One
Beogh

Shops:
D:4 %

Annotations:
D:5 2 transporters, 3 runed doors, inc's ghost, novice DsMo


Innate Abilities, Weirdness & Mutations

You reflexively headbutt those who attack you in melee.
You have a pair of horns on your head.


Message History

The bolt of electricity hits the electric eel.
The electric eel completely resists.
You hit the electric eel. You freeze the electric eel.
The electric eel is lightly wounded.
The electric eel shoots out a bolt of lightning at you!
The bolt of electricity hits you!
* * * LOW HITPOINT WARNING * * *
The bolt of electricity hits you!
* * * LOW HITPOINT WARNING * * *
The bolt of electricity hits the electric eel.
The electric eel completely resists.
You closely miss the electric eel. Your headbutt misses the electric eel.
The electric eel is lightly wounded.
You miss the electric eel.
The electric eel is lightly wounded.
The electric eel shoots out a bolt of lightning at you!
The bolt of electricity hits you!
* * * LOW HITPOINT WARNING * * *
The bolt of electricity hits you!
You die...

.# ........##.#
#........ .#
##........ .#
......... .#
≈≈≈≈≈≈≈.. ..#
≈≈≈≈≈.##..#
#≈;.....# #≈≈@.#
#≈≈.## #≈≈.# #≈≈.#
###### # #≈≈.#
###....#.#
##############≈≈.#
#.....<...
≈≈≈≈≈≈≈≈≈≈≈≈≈≈≈≈.#
#.#(####.#
≈≈≈≈≈≈≈≈≈≈≈≈≈≈≈≈.#
#.#.......
.................#
#.########


You could see an electric eel.

Vanquished Creatures
  The ghost of vierth the Cleaver, a novice MiFi of Trog (D:8)
  A two-headed ogre (D:8)
  A cyclops (D:9)
  A wyvern (D:8)
  Eustachio (D:5)
  5 orc warriors
  A sky beast (D:8)
  4 ogres
  5 centaurs
  3 bullfrogs (D:6)
  A scorpion (D:8)
  12 killer bees
  2 howler monkeys
  An electric eel (D:9)
  2 crimson imps
  2 centaur zombies
  A bullfrog skeleton (D:9)
  9 orc priests
  A centaur skeleton (D:8)
  7 hounds
  2 jellies
  12 orc wizards
  An iguana (D:5)
  5 worker ants
  A hound zombie (D:5)
  A hound skeleton (D:5)
  A worker ant zombie (D:5)
  4 gnolls (D:6)
  8 adders
  2 shadow imps
  An ooze (D:4)
  A worm (D:2)
  2 dart slugs (D:1)
  3 leopard geckos
  43 orcs
  10 giant cockroaches
  5 goblins
  6 hobgoblins
  14 jackals
  7 kobolds
  4 quokkas
  A ball python (D:1)
  5 bats
  4 frilled lizards
  A jackal skeleton (D:4)
  5 rats
  A spectral orc (D:4)
211 creatures vanquished.

Vanquished Creatures (others)
  An orc (D:3)
1 creature vanquished.

Grand Total: 212 creatures vanquished

Notes
Turn   | Place    | Note
-------+----------+-------------------------------------------
     0 | D:1      | Hebeh the Minotaur Fighter began the quest for the Orb.
     0 | D:1      | Reached XP level 1. HP: 19/19 MP: 0/0
    36 | D:1      | Reached XP level 2. HP: 10/27 MP: 1/1
   358 | D:1      | Reached skill level 3 in Axes
   773 | D:1      | Reached XP level 3. HP: 30/33 MP: 2/2
  1102 | D:2      | Found a glowing silver altar of Zin.
  1102 | D:2      | Found an opulent altar of Gozag.
  1566 | D:3      | Reached XP level 4. HP: 36/40 MP: 3/3
  1615 | D:3      | Reached skill level 4 in Axes
  2215 | D:4      | Reached XP level 5. HP: 47/47 MP: 4/4
  2275 | D:4      | Found a basalt altar of Yredelemnul.
  2412 | D:4      | Found a white marble altar of Elyvilon.
  2412 | D:4      | Found an ornate altar of the Wu Jian Council.
  2441 | D:4      | Found a shadowy altar of Dithmenos.
  2530 | D:4      | Noticed an ogre
  2548 | D:4      | Killed an ogre
  2548 | D:4      | Reached skill level 5 in Axes
  2548 | D:4      | Reached skill level 5 in Armour
  2548 | D:4      | Reached XP level 6. HP: 14/55 MP: 5/5
  2781 | D:4      | Found Qivon's Food Boutique.
  3004 | D:4      | Found a burning altar of Makhleb.
  3014 | D:4      | Reached skill level 5 in Fighting
  3014 | D:4      | Reached skill level 5 in Shields
  3087 | D:5      | Entered Level 5 of the Dungeon
  3172 | D:5      | Found a transporter.
  3178 | D:5      | Reached skill level 6 in Axes
  3178 | D:5      | Reached XP level 7. HP: 29/61 MP: 6/6
  3389 | D:5      | Noticed Eustachio
  3415 | D:5      | Killed Eustachio
  3567 | D:5      | Found a runed gate.
  3568 | D:5      | Found a runed gate.
  3569 | D:5      | Found a runed gate.
  3569 | D:5      | Noticed inc's ghost (novice DsMo)
  3634 | D:5      | Found a transporter.
  4036 | D:6      | Found a hide-covered altar of Uskayaw.
  4122 | D:6      | Reached skill level 7 in Axes
  4187 | D:6      | Reached XP level 8. HP: 70/70 MP: 7/7
  4305 | D:6      | Reached skill level 1 in Evocations
  4743 | D:6      | Reached skill level 8 in Axes
  4850 | D:6      | Found a staircase to the Ecumenical Temple.
  5128 | D:6      | Found a glowing golden altar of the Shining One.
  5129 | D:6      | Found a shimmering altar of Xom.
  5261 | D:6      | Found a bloodstained altar of Trog.
  5469 | D:6      | Became a worshipper of Trog the Wrathful
  5949 | D:7      | Found an ancient bone altar of Kikubaaqudgha.
  6282 | D:7      | Reached skill level 9 in Axes
  6282 | D:7      | Reached XP level 9. HP: 42/79 MP: 8/10
  6866 | D:8      | Reached * piety under Trog
  7076 | D:8      | Noticed vierth's ghost (novice MiFi)
  7086 | D:8      | Found a runed gate.
  7086 | D:8      | Found a runed gate.
  7086 | D:8      | Found a runed gate.
  7094 | D:8      | Found a roughly hewn altar of Beogh.
  7110 | D:8      | Got a twitching copper ring
  7447 | D:8      | Found a transporter.
  7644 | D:8      | Reached skill level 10 in Axes
  7658 | D:8      | Killed vierth's ghost
  8166 | D:8      | Identified the ring "Murhiufi" {+Fly rN+} (You found it on level 8 of the Dungeon)
  8373 | D:8      | Found a roughly hewn altar of Beogh.
  8377 | D:8      | Noticed a two-headed ogre
  8387 | D:8      | Killed a two-headed ogre
  8387 | D:8      | Reached XP level 10. HP: 75/88 MP: 12/12
  8413 | D:8      | Reached ** piety under Trog
  8656 | D:8      | Found a transporter.
  8909 | D:9      | Noticed a cyclops
  9178 | D:9      | Killed a cyclops
  9178 | D:9      | Reached skill level 11 in Axes
  9347 | D:9      | Found a bloodstained altar of Trog.
  9671 | D:9      | Found an ancient bone altar of Kikubaaqudgha.
  9752 | D:9      | Killed from afar by an electric eel

Vault maps used:
D:1:      scummos_arrival_star, minmay_bisected
D:2:      grunt_temple_overflow_gold_and_silver
D:3:      first_ration, hangedman_decor_riveting, nicolae_underground_beach
D:4:      grunt_dithmenos_shadows, yredelemnul_forgotten_temple_becter,
          gammafunk_temple_overflow_pools, serial_shops, kennysheep_mini_moat,
          makhleb_heckhound_becter
D:5:      gammafunk_steamed_eel, gammafunk_ghost_necromancy, st_stairs_6,
          uniq_eustachio
D:6:      overflow_temple_1_default, minitemple,
          minmay_temple_entry_enclosed_plants, trog_hazing_becter
D:7:      basic_altar
D:8:      gammafunk_beogh_shrine, biasface_ghost_orc_armoury
D:9:      nicolae_overflow_hidden_temple, erik_orc_2

Skill      XL: |  1  2  3  4  5  6  7  8  9 10 |
---------------+-------------------------------+-----
Axes           | 3 4 5 6 7 9 10 11 | 11.3
Fighting       | 4 5 6 7 8 |  8.6
Armour         | 4 5 6 7 8 |  8.8
Shields        | 4 5 6 7 8 |  8.7
Evocations     | 2 4 |  4.7

Action                   |  1- 3 |  4- 6 |  7- 9 | 10-12 || total
-------------------------+-------+-------+-------+-------++-------
Melee: War axe           |    88 |   109 |   309 |    66 ||   572
       Headbutt          |     7 |    21 |    47 |    11 ||    86
 Abil: Evoke Invisibilit |       |       |     1 |       ||     1
  Use: Scroll            |       |       |     9 |     3 ||    12
  Eat: Chunk             |     2 |     2 |     6 |     2 ||    12
       Ration            |       |     1 |     4 |       ||     5
Armor: Scale mail        |    52 |    59 |    86 |       ||   197
       Plate armour      |       |       |    85 |    38 ||   123
Dodge: Dodged            |    18 |    42 |    93 |    20 ||   173
Block: Shield            |    51 |    68 |   190 |    46 ||   355

Table legend:
 A = Spawn XP
 B = Non-spawn XP
 C = Spawn XP percentage of total XP
 D = Spawn monster count
 E = Non-spawn monster count
 F = Spawn count percentage of total count
 G = Total turns spent on level
                    A         B        C        D         E        F      G
               +---------+---------+-------+---------+---------+-------+---------
         Total |       0 |    8040 |   0.0 |       0 |     211 |   0.0 |  9752
               +---------+---------+-------+---------+---------+-------+---------
           D:1 |       0 |      41 |   0.0 |       0 |      21 |   0.0 |   933
           D:2 |       0 |      47 |   0.0 |       0 |      20 |   0.0 |   614
           D:3 |       0 |      76 |   0.0 |       0 |      15 |   0.0 |   731
           D:4 |       0 |     312 |   0.0 |       0 |      14 |   0.0 |   935
           D:5 |       0 |     698 |   0.0 |       0 |      25 |   0.0 |  1069
           D:6 |       0 |     944 |   0.0 |       0 |      34 |   0.0 |  1580
           D:7 |       0 |     888 |   0.0 |       0 |      16 |   0.0 |   927
           D:8 |       0 |    3744 |   0.0 |       0 |      51 |   0.0 |  2379
           D:9 |       0 |    1290 |   0.0 |       0 |      15 |   0.0 |   584
               +---------+---------+-------+---------+---------+-------+---------
